 Dungeon Crawl Stone Soup version 0.30-a0-743-gbfdf073431 (webtiles) character file.

Game seed: 2937627266780746192

39 Newt the Trooper (level 3, 0/29 HPs)
             Began as a Demonspawn Gladiator on Feb 5, 2023.
             Slain by an orc
             ... wielding a +0 club
              (1 damage)
             ... on level 3 of the Dungeon.
             The game lasted 00:01:24 (1765 turns).

Newt the Trooper (Demonspawn Gladiator)             Turns: 1765, Time: 00:01:24

Health: 0/29       AC:  6    Str: 16    XL:     3   Next: 28%
Magic:  3/3        EV: 12    Int:  9    God:
Gold:   105        SH:  0    Dex: 14    Spells: 2/2 levels left

rFire   . . .      SeeInvis .    a - +0 rapier
rCold   . . .      Faith    .    (no shield)
rNeg    . . .      Spirit   .    b - +0 leather armour
rPois   .          Reflect  .    c - +0 helmet
rElec   .          Harm     .    (no cloak)
rCorr   .          Rampage  .    (no gloves)
Will    +....                    (no boots)
Stlth   ++                       (no amulet)
HPRegen 0.24/turn                o - ring of willpower
MPRegen 0.08/turn                (no ring)

@: no status effects
A: slimy green scales 1, powered by death 1
a: no special abilities


You were on level 3 of the Dungeon.
You visited 1 branch of the dungeon, and saw 3 of its levels.

You collected 105 gold pieces.

Inventory:

Hand Weapons
 a - a +0 rapier (weapon)
Missiles
 d - 3 throwing nets (quivered)
Armour
 b - a +0 leather armour (worn)
 c - a +0 helmet (worn)
Jewellery
 o - a ring of willpower (left hand)
Scrolls
 i - a scroll of teleportation
 j - a scroll of amnesia {unknown}
 k - a scroll of silence {unknown}
 l - 3 scrolls of identify
Potions
 f - a potion of haste {unknown}
 g - 3 potions of curing
 h - 2 potions of degeneration {unknown}
 m - 2 potions of brilliance {unknown}
 n - a potion of invisibility {unknown}


   Skills:
 + Level 3.3 Fighting
 - Level 2.6 Short Blades
 - Level 1.7 Throwing
 - Level 2.6 Dodging
 - Level 1.5 Stealth


You had 2 spell levels left.
You didn't know any spells.
Your spell library was empty.

Dungeon Overview and Level Annotations

Branches:
Dungeon (3/15)

Altars:

Shops:
D:2 [


Innate Abilities, Weirdness & Mutations

You are partially covered in slimy green scales. (AC +2)
You regenerate a little health from kills.


Message History

(D) Dungeon
Where to? (Enter - D:1, ? - help)
Okay, then.
(D) Dungeon
Where to? (Enter - D:1, ? - help)
You climb downwards.
There is a stone staircase leading up here.
(D) Dungeon
Where to? (Enter - D:2, ? - help)
There is an open door here.
There is a stone staircase leading down here.
You climb downwards.
Found a robe, an ivory ring and a metallic clear potion.
There is a stone staircase leading up here.
n - a metallic clear potion
There is a stone staircase leading up here.
You see here a +0 robe.
o - a ring of willpower You now have 105 gold pieces (gained 3). 2 orcs and an orc priest come into view.
The orc shouts! x2; You hear a shout!
An orc comes into view. It is wielding a +0 club.
There are monsters nearby!
o - a ring of willpower (left hand) Throw: javelin
Press: ? - help, Q - select action, (/) - cycle Shift-Dir - straight line, f - orc priest
Aim: an orc priest, wielding a +0 club (59% to hit)
You throw a javelin.
The javelin pierces through the orc but does no damage.
The javelin pierces through the orc priest!
The orc priest is severely wounded.
The orc priest calls down the wrath of Beogh upon you.
Beogh smites you!
Ouch! That really hurt!
The orc hits you but does no damage.
The orc priest mumbles some strange prayers to Beogh against you.
Beogh smites you!
* * * LOW HITPOINT WARNING * * *
The orc hits you with a +0 club.
You die...

#.#.##.#
#.....[.<.
#..#...#
##........
#.###.##
##.......
#.## ##.##
#.######
#.# ##.#
#.# ##
##.## #+#
##.##
#.#.##
#.o@#
##o.o#
....o..
###..(###
...##
...## ...#
##.#


You could see an orc priest and 3 orcs.

Vanquished Creatures
  An adder (D:2)
  A dart slug (D:1)
  2 ball pythons
  2 endoplasms (D:1)
  A goblin (D:1)
  3 hobgoblins
  4 jackals (D:1)
  2 kobolds
  3 quokkas (D:1)
  2 bats (D:1)
  2 frilled lizards
  3 rats
26 creatures vanquished.

Notes
Turn   | Place    | Note
-------+----------+-------------------------------------------
     0 | D:1      | Newt the Demonspawn Gladiator began the quest for the Orb.
     0 | D:1      | Reached XP level 1. HP: 16/16 MP: 1/1
   191 | D:1      | Reached skill level 1 in Stealth
   197 | D:1      | Gained mutation: You regenerate a little health from kills.
                  | [demonic ancestry]
   197 | D:1      | Reached XP level 2. HP: 21/22 MP: 2/2
   873 | D:2      | Reached skill level 3 in Fighting
   973 | D:2      | Found Mevvuiz's Armour Emporium.
  1035 | D:2      | Gained mutation: You are partially covered in slimy green
                  | scales. (AC +2) [demonic ancestry]
  1035 | D:2      | Reached XP level 3. HP: 25/29 MP: 3/3
  1765 | D:3      | HP: 1/29 [orc priest/divine providence (12)]
  1765 | D:3      | Slain by an orc

Illustrated notes

Levels and vault maps discovered:
D:1:      wheals_arrival_shading, layout_basic
D:2:      layout_basic, serial_shops, shop, hangedman_glass_teeth, minivault_4
D:3:      layout_loops_corners, nicolae_qazlal_style_of_elements,
          dreamdust_ecumenical_altar_angels_and_demons, serial_shops, shop

Skill      XL: |  1  2 |
---------------+-------+-----
Stealth        | 1 |  1.5
Fighting       | 3 |  3.3
Short Blades   | |  2.6
Throwing       | |  1.7
Dodging        | |  2.6

Action                     || total
---------------------------++-------
  Melee: Rapier            ||    74
  Throw: Javelin           ||     2
         Throwing net      ||     1
    Use: Scroll            ||     4
   Stab: Sleeping          ||     4
 Armour: Leather armour    ||    33
  Dodge: Dodged            ||    46

Table legend: (Time is in decaauts)
 A = Elapsed time spent in this place.
 B = Non-inter-level travel time spent in this place.
 C = Inter-level travel time spent in this place.
 D = Time resting spent in this place.
 E = Time spent auto-exploring this place.
 F = Levels seen in this place.
 G = Mean time per level.
                   A        B        C        D        E       F      G
               +--------+--------+--------+--------+--------+-----+--------+
         Total |   1771 |   1700 |     71 |    136 |   1359 |   3 |  590.3 |
       Dungeon |   1771 |   1700 |     71 |    136 |   1359 |   3 |  590.3 |
               +--------+--------+--------+--------+--------+-----+--------+

Top non-repeatable levels by time:
     D:1: 866 daAuts
     D:2: 841 daAuts
     D:3: 63 daAuts
